 Dungeon Crawl Stone Soup version 0.27.1-33-g824d729ab1 (webtiles) character file.

Game seed: 7098881883826955193

370 zeram the Poker (level 6, -4/47 HPs)
             Began as a Merfolk Fighter on Nov 28, 2021.
             Killed by nerve-wracking pain
             ... invoked by an orc priest
              (11 damage)
             ... on level 3 of the Dungeon.
             The game lasted 00:06:44 (3630 turns).

zeram the Poker (Merfolk Fighter)                   Turns: 3630, Time: 00:06:45

Health: -4/47      AC: 12    Str: 17    XL:     6   Next: 70%
Magic:  6/6        EV:  8    Int:  9    God:
Gold:   163        SH:  9    Dex: 13    Spells: 5/5 levels left

rFire    . . .     SeeInvis .   a - +0 trident
rCold    . . .     Faith    .   c - +0 kite shield
rNeg     . . .     Spirit   .   b - +0 scale mail
rPois    .         Reflect  .   (no helmet)
rElec    .         Harm     .   d - +0 cloak
rCorr    .         Rampage  .   g - +0 pair of gloves
Will     .....                  (no boots)
Stlth    ..........             (no amulet)
HPRegen  0.15/turn              k - +4 ring of protection
MPRegen  0.10/turn              (no ring)

@: no status effects
A: (nimble swimmer 2), mertail
a: no special abilities


You were on level 3 of the Dungeon.
You visited 1 branch of the dungeon, and saw 4 of its levels.

You collected 163 gold pieces.

Inventory:

Hand Weapons
 a - a +0 trident (weapon)
Armour
 b - a +0 scale mail (worn)
 c - a +0 kite shield (worn)
 d - a +0 cloak (worn)
 g - a +0 pair of gloves (worn)
Jewellery
 k - a +4 ring of protection (left hand)
Scrolls
 f - a scroll of identify
 h - 2 scrolls of amnesia {unknown}
 i - a scroll of teleportation {unknown}
 j - a scroll of noise {unknown}
 m - a scroll of fog {unknown}
 n - a scroll of blinking {unknown}
 o - a scroll of fear {unknown}
Potions
 e - 2 potions of brilliance
 l - a potion of curing


   Skills:
 - Level 3.2 Fighting
 + Level 7.7 Polearms
 - Level 2.1 Armour
 * Level 2.9 Dodging
 + Level 4.7 Shields


You had 5 spell levels left.
You didn't know any spells.
Your spell library contained the following spells:

 Spells                   Type           Power      Damage    Failure   Level
 Corpse Rot               Necr/Air       N/A        N/A       100%        2
 Poisonous Vapours        Pois/Air       0%         N/A       100%        2
 Dazzling Flash           Conj/Hex       0%         N/A       100%        3
 Agony                    Necr           0%         N/A       100%        5
 Freezing Cloud           Conj/Ice/Air   0%         6-21      100%        5
 Silence                  Hex/Air        0%         N/A       100%        5


Dungeon Overview and Level Annotations

Branches:
Dungeon (4/15)
 Temple: D:4-7

Altars:
Xom
The Shining One

Shops:
D:2 [[?   D:3 *

Annotations:
D:4 Blork the orc


Innate Abilities, Weirdness & Mutations

((You are quick and stealthy near water. (Stealth+, EV+, Speed+++)))
Your lower body shifts to a powerful aquatic tail in water.


Message History

* * * LOW HITPOINT WARNING * * *
You are too injured to fight recklessly!
Unknown command.
You block the orc's attack. The orc completely misses you.
There is an escape hatch in the ceiling here.
You block the orc's attack. The orc hits you but does no damage.
The orc priest hits you but does no damage.
A mysterious force pulls you upwards. The hatch slams shut behind you.
You hit the orc priest.
The orc priest is moderately wounded.
The orc closely misses you. The orc priest misses you.
You block the orc's attack.
You barely miss the orc priest.
The orc priest is moderately wounded.
You block the orc priest's attack. The orc barely misses you.
You barely miss the orc priest.
The orc priest is moderately wounded.
You block the orc priest's attack. The orc barely misses you.
You closely miss the orc priest.
The orc priest is moderately wounded.
You block the orc priest's attack. The orc hits you with a +0 flail.
* * * LOW HITPOINT WARNING * * *
You closely miss the orc priest.
The orc priest is moderately wounded.
You block the orc priest's attack. You block the orc's attack.
You barely miss the orc priest.
The orc priest is moderately wounded.
The orc priest hits you but does no damage.
The orc hits you with a +0 flail.
* * * LOW HITPOINT WARNING * * *
The orc priest barely misses you.
You feel better. You block the orc's attack. The orc priest barely misses you.
You hit the orc priest.
The orc priest is heavily wounded.
The orc hits you with a +0 flail.
* * * LOW HITPOINT WARNING * * *
The orc priest calls down the wrath of Beogh upon you.
Pain shoots through your body!
You die...

.........#####...####.##..#.....#
.............###.# #.##.##.....#
.............# #.# #.#.........#
.............# #.# #...)>÷.....#
.............###.####....####...#
##.............)........## #####
####....................#
#...................##
#.####(.....o@......# ####### #.#
#.###....o.....# #...... ####.#
##.# #####..#..## #...... #....#
#..#######..#.## #......
.....###.###......##.# #......
>.....#..##..........# ####.)[...
........##....>.....####....†....
.......###...............##......
.....### #..........#######......


You could see an orc priest and an orc.

Vanquished Creatures
  Sigmund (D:2)
  A hound (D:3)
  Crazy Yiuf (D:2)
  An iguana (D:3)
  Ijyb (D:2)
  4 adders
  3 worms
  A dart slug (D:3)
  3 orcs
  7 endoplasms
  5 giant cockroaches
  3 goblins
  2 hobgoblins (D:1)
  3 quokkas
  5 ball pythons
  5 bats
  4 frilled lizards
  5 kobolds
  5 rats
60 creatures vanquished.

Vanquished Creatures (others)
  2 fungi (D:2)
  4 plants (D:2)
6 creatures vanquished.

Grand Total: 66 creatures vanquished

Notes
Turn   | Place    | Note
-------+----------+-------------------------------------------
     0 | D:1      | zeram the Merfolk Fighter began the quest for the Orb.
     0 | D:1      | Reached XP level 1. HP: 18/18 MP: 1/1
   264 | D:1      | Found a faded altar of an unknown god.
   279 | D:1      | Reached XP level 2. HP: 24/24 MP: 2/2
   835 | D:2      | Reached XP level 3. HP: 27/29 MP: 3/3
   870 | D:2      | Found a shimmering altar of Xom.
   988 | D:2      | Found Tecruo's Antique Armour Emporium.
   993 | D:2      | Found Aqyraj's Armour Shoppe.
  1009 | D:2      | Reached skill level 4 in Polearms
  1204 | D:2      | Found Vare's Magic Scroll Emporium.
  1416 | D:2      | Noticed Sigmund
  1963 | D:2      | Killed Sigmund
  1964 | D:2      | Reached skill level 6 in Polearms
  1964 | D:2      | Reached skill level 1 in Dodging
  1964 | D:2      | Reached XP level 4. HP: 25/35 MP: 4/4
  1964 | D:2      | Reached XP level 5. HP: 29/41 MP: 5/5
  2131 | D:2      | Found a runed translucent door.
  2132 | D:2      | Noticed Crazy Yiuf
  2141 | D:2      | Killed Crazy Yiuf
  2142 | D:2      | Reached XP level 6. HP: 33/47 MP: 6/6
  2317 | D:3      | Noticed Ijyb
  2418 | D:2      | Killed Ijyb
  2419 | D:2      | Reached skill level 7 in Polearms
  2676 | D:3      | Found a glowing golden altar of the Shining One.
  3158 | D:3      | Found Bipsic's Assorted Antiques.
  3288 | D:4      | Noticed Blork the orc
  3630 | D:3      | Killed from afar by an orc priest

Illustrated notes

Levels and vault maps discovered:
D:1:      matt_arrival_spirals, layout_loops_cross,
          hellmonk_ecumenical_altar_arch_garden, minmay_unequal
D:2:      layout_rooms, serial_shops, shop, nicolae_shop_behind_doors,
          nicolae_shop_overgrown_old_shop, basic_altar, uniq_crazy_yiuf_cottage,
          uniq_sigmund
D:3:      layout_rooms, tso_metal_star, serial_shops, shop, uniq_ijyb
D:4:      layout_rooms, lemuel_doored_altar, mainiacjoe_overflow_alcove_1,
          uniq_blork_the_orc, uniq_natasha, uniq_grinder, uniq_menkaure

Skill      XL: |  1  2  3  4  5  6 |
---------------+-------------------+-----
Polearms       | 6 7 |  7.7
Dodging        | 1 2 |  2.9
Shields        | 4 |  4.7
Fighting       | |  3.2
Armour         | |  2.1

Action                   |  1- 3 |  4- 6 || total
-------------------------+-------+-------++-------
Melee: Trident           |   109 |   164 ||   273
  Use: Scroll            |     3 |       ||     3
       Potion            |     2 |     1 ||     3
Armor: Scale mail        |    38 |    76 ||   114
Dodge: Dodged            |    27 |    40 ||    67
Block: Kite shield       |    33 |    95 ||   128
